Map: [TLMC15] Hardwire

Players

Zest

  • Race: Protoss Protoss

Elazer - Winner!

  • Race: Zerg Zerg

Event: DreamHack SC2 Masters Last Chance 2022

VOD

Have the link to the VOD?

Description

Time

  • Played on: Jan. 11, 2022, 12:12 p.m.
  • Length: 9:47

All games in this series

Show
View Real Time Build Order
Export as new Build Order

Zest Protoss 

Build Orders:  

Get SALT Encoding   

  12  0:00  Probe  
  13  0:12  Probe  
  14  0:17  Pylon  
  14  0:24  Probe (Chrono Boost)  
  15  0:37  Probe (Chrono Boost)  
  15  0:38  Gateway  
  16  0:45  Probe (Chrono Boost)  
  16  0:48  Assimilator  
  17  0:51  Probe  
  18  1:03  Probe  
  19  1:12  Forge  
  19  1:15  Probe  
  20  1:26  Cybernetics Core  
  20  1:31  Pylon  
  20  1:37  Pylon  
  20  1:41  Pylon  
  20  1:49  Photon Cannon  
  20  1:56  Photon Cannon  
  20  2:03  Probe  
  20  2:04  Assimilator  
  20  2:08  Adept (Chrono Boost)  
  21  2:15  Probe  
  24  2:21  Pylon  
  24  2:27  Probe  
  25  2:30  Adept (Chrono Boost)  
  27  2:39  Probe  
  27  2:42  Stargate  
  28  2:45  Pylon  
  28  3:03  Probe  
  29  3:09  Nexus  
  29  3:15  Probe  
  29  3:18  Warp Gate  
  30  3:31  Pylon  
  30  3:34  Probe  
  31  3:41  Void Ray (Chrono Boost)  
  31  3:49  Probe  
  36  4:01  Probe  
  33  4:11  Twilight Council  
  37  4:21  Gateway  
  33  4:24  Gateway  
  33  4:28  Probe  
  33  4:29  Gateway  
  33  4:30  Probe  
  33  4:31  Gateway  
  35  4:39  Resonating Glaives (Chrono Boost)  
  35  4:40  Probe  
  35  4:42  Probe, Pylon  
  37  4:52  Probe  
  38  4:55  Probe  
  39  5:05  Adept  
  41  5:11  Nexus  
  41  5:31  Adept x3  
  41  5:32  Adept x2  
  51  5:37  Pylon  
  55  5:53  Adept x5  
  61  6:01  Probe  
  63  6:05  Pylon  
  62  6:16  Adept x4  
  70  6:22  Probe x2  
  70  6:23  Probe  
  69  6:34  Probe x2  
  69  6:35  Probe  
  72  6:47  Adept  
  72  6:48  Adept x4  
  72  6:51  Pylon  
  82  6:58  Pylon  
  82  7:00  Probe (Chrono Boost)  
  85  7:05  Probe x2 (Chrono Boost)  
  86  7:09  Probe (Chrono Boost)  
  86  7:10  Pylon  
  86  7:12  Probe x2 (Chrono Boost)  
  86  7:14  Probe  
  88  7:16  Adept x5  
  99  7:25  Pylon  
  102  7:35  Shield Battery  
  102  7:37  Shield Battery  
  99  7:38  Shield Battery  
  99  7:40  Shield Battery  
  99  7:41  Sentry, Shield Battery  
  99  7:43  Sentry x4  
  81  8:07  Gateway x2  
  81  8:09  Gateway  
  81  8:11  Gateway  
  81  8:12  Stalker x4  
  85  8:17  Cybernetics Core  
  83  8:32  Pylon  
  83  8:34  Nexus, Pylon  
  79  8:36  Pylon  
  65  9:19  Adept x4  
  65  9:20  Adept x4  
Show
View Real Time Build Order
Export as new Build Order

Elazer Zerg - Winner!

Build Orders: Hatch First 

Get SALT Encoding   

  12  0:00  Drone  
  13  0:12  Overlord  
  13  0:16  Drone  
  14  0:30  Drone x2  
  16  0:48  Hatchery  
  15  0:51  Drone  
  15  0:55  Drone  
  17  0:57  Drone  
  18  1:11  Extractor  
  18  1:14  Spawning Pool  
  18  1:17  Drone  
  17  1:22  Drone  
  18  1:30  Drone  
  19  2:03  Queen  
  19  2:04  Zergling x8  
  25  2:17  Zergling x2  
  25  2:18  Drone  
  26  2:26  Drone x2  
  27  2:37  Overlord  
  27  2:40  Queen, Extractor  
  29  2:55  Overlord  
  29  2:56  Drone x3  
  32  3:04  Drone  
  33  3:08  Drone  
  33  3:09  Drone  
  35  3:13  Queen  
  35  3:17  Overlord  
  37  3:20  Drone  
  37  3:24  Queen  
  39  3:29  Drone  
  39  3:30  Drone  
  41  3:39  Drone  
  42  3:42  Drone  
  43  3:49  Drone x4  
  43  3:54  Extractor  
  44  4:03  Drone x2  
  44  4:06  Queen  
  44  4:07  Hatchery  
  46  4:11  Metabolic Boost, Overlord  
  46  4:13  Drone  
  47  4:18  Queen  
  47  4:21  Drone x2  
  47  4:24  Overlord  
  51  4:30  Overlord  
  51  4:40  Overlord  
  51  4:42  Drone x6  
  57  4:49  Drone x4  
  61  4:54  Queen  
  63  5:02  Roach Warren, Overlord  
  62  5:08  Drone x2  
  62  5:11  Extractor  
  62  5:12  Drone x3  
  62  5:13  Drone  
  67  5:21  Drone x2  
  67  5:25  Overlord  
  67  5:28  Drone x3, Extractor  
  71  5:30  Queen  
  71  5:32  Overlord  
  73  5:36  Zergling x4  
  73  5:42  Zergling x10  
  80  5:50  Overlord  
  80  5:59  Roach x6  
  80  6:01  Queen x2  
  96  6:05  Roach x2  
  96  6:07  Roach  
  96  6:10  Overlord  
  102  6:17  Zergling x8  
  104  6:26  Roach x5  
  104  6:30  Zergling x2  
  104  6:31  Zergling x6  
  118  6:37  Lair  
  118  6:42  Overlord  
  118  6:43  Zergling x8  
  122  6:49  Overlord x3  
  120  7:04  Ravager x6  
  120  7:05  Zergling x8  
  130  7:12  Overlord x2  
  130  7:20  Ravager x2, Zergling x2  
  130  7:21  Zergling x16  
  141  7:26  Ravager  
  141  7:27  Overlord  
  142  7:32  Hatchery  
  140  7:38  Zergling x4  
  140  7:39  Zergling x10  
  132  7:47  Overseer  
  127  7:52  Zergling x6  
  127  7:56  Ravager  
  127  7:57  Ravager  
  131  8:03  Zergling x14  
  109  8:14  Zergling x10  
  109  8:15  Queen x3  
  119  8:28  Zergling x6  
  119  8:29  Zergling x2  
  115  8:37  Zergling x10  
  113  8:44  Zergling x4  
  112  8:50  Zergling x2  
  112  8:51  Zergling x6  
  115  8:59  Drone x3  
  118  9:04  Drone x3  
  121  9:13  Ravager x3  
  121  9:14  Drone x5  
  128  9:19  Drone x3  
  130  9:24  Drone x3  

Tags
 
Add a new tag
Caveats
  • Supply blocks, unpowered buildings, or Contaminate may cause inaccurate times.
  • Supply counts are checked every 10 seconds.